[Event "Late-Titled-Tuesday-Blitz-February-13-2024"]
[Site "Chess.com"]
[Date "2024.02.13"]
[Round "11"]
[White "Mikhail_Golubev"]
[Black "cthulhuuu"]
[Result "1-0"]
[WhiteElo "2679"]
[BlackElo "2479"]
[TimeControl "180+1"]
[EndTime "16:02:50 PST"]
[Termination "Mikhail_Golubev won by checkmate"]

1. e4 d6 2. d4 Nf6 3. Nc3 c6 4. f4 Qb6 5. Be2 e5 6. fxe5 dxe5 7. dxe5 Nfd7 8. e6 fxe6 9. Nf3 Nc5 10. O-O Nxe4+ 11.
Kh1 Nf2+ 12. Rxf2 Qxf2 13. Ne4 Qb6 14. Ne5 Bd7 15. Bh5+ g6 16. Nf6+ Ke7 17. Nfxd7 Nxd7 18. Bg5+ Nf6 19. Qd7# 1-0

[Event "Late-Titled-Tuesday-Blitz-February-13-2024"]
[Site "Chess.com"]
[Date "2024.02.13"]
[Round "11"]
[White "GoldenShare"]
[Black "ProfessorChess101"]
[Result "0-1"]
[WhiteElo "2556"]
[BlackElo "2785"]
[TimeControl "180+1"]
[EndTime "16:02:53 PST"]
[Termination "ProfessorChess101 won by resignation"]

1. e4 e5 2. Nf3 Nc6 3. Bc4 Nf6 4. O-O Nxe4 5. Nc3 Nd6 6. Bb3 Be7 7. Re1 O-O 8. Nxe5 Nxe5 9. Rxe5 Bf6 10. Re1 c6 11. d4 Ne8 12. Ne4 Be7 13. d5 d6 14.
Bf4 c5 15. c3 Nf6 16. Bc2 Nxe4 17. Bxe4 Bf6 18. Qf3 Re8 19. Qg3 Bh4 20. Qd3 g6 21. a4 b6 22. a5 bxa5 23. Qb5 Bd7 24. Qxa5 Qxa5 25. Rxa5 f5 26. Bxd6 fxe4 27. Rxc5 Rac8 28. b4 Bf6 29. c4 Bc3 30. Rxc8 Bxc8 31. Bc5 Bxe1 0-1

[Event "Late-Titled-Tuesday-Blitz-February-13-2024"]
[Site "Chess.com"]
[Date "2024.02.13"]
[Round "11"]
[White "PepeCuenca"]
[Black "Vamostodorecto"]
[Result "1-0"]
[WhiteElo "2639"]
[BlackElo "2374"]
[TimeControl "180+1"]
[EndTime "16:02:55 PST"]
[Termination "PepeCuenca won by resignation"]

1. d4 e6 2. c4 d5 3. Nf3 c5 4. cxd5 exd5 5. Nc3 Nf6 6. Bg5 Nc6 7. Bxf6 gxf6 8. e3 c4 9. g3 Bf5 10. Nh4 Be6 11. Bg2 Qd7 12. O-O Nb4 13. b3 Rc8 14.
bxc4 Rxc4 15. Ne2 Nc2 16. Rc1 Qa4 17. Nf4 Ba3 18. Rb1 Qc6 19. Qh5 Nb4 20. Rb3 Bc1 21.
Rxb4 Rxb4 22. Nxe6 1-0

[Event "Late-Titled-Tuesday-Blitz-February-13-2024"]
[Site "Chess.com"]
[Date "2024.02.13"]
[Round "11"]
[White "tgpgoat"]
[Black "Njal28"]
[Result "0-1"]
[WhiteElo "2559"]
[BlackElo "2966"]
[TimeControl "180+1"]
[EndTime "16:03:01 PST"]
[Termination "Njal28 won by resignation"]

1. Nf3 d5 2. g3 Nf6 3. Bg2 c6 4. O-O Bg4 5. Ne5 Bh5 6. d4 Nbd7 7. c4 e6 8. Bf4 Be7 9. Nc3 O-O 10. Qc2 Nxe5 11. dxe5 Bg6 12. Qb3 Nd7 13. Qxb7 Nc5 14. Qxc6 Rc8 15. Qb5 Rb8 16. Qc6 Rb6 17. cxd5 Rxc6 18.
dxc6 Qb6 19. b3 Rc8 20. Be3 Rxc6 21. Na4 Qb5 22. Bxc6 Qxc6 23. Rfc1 h5 24. Nxc5 Qd5 25. Nd3 Bxd3 26. exd3 h4 27. gxh4 Qxd3 28. Rc4 Qg6+ 29. Kf1 Qf5 30. Rd1 Qxe5 31. Rc8+ Kh7 32. Rd7 Qb5+ 33. Rc4 Qxd7 34. Kg2 Qd5+ 35. Kg3 Bd6+ 36. Bf4 e5 37. Bg5 e4+ 38. Bf4 Bxf4+ 39. Kxf4 Qd2+ 40. Kxe4 Qxf2 41. Kd5 Qxh2 42. a4 f5 43. b4 f4 44.
Ke4 Qg3 45. b5 Qe3+ 46. Kf5 f3 0-1

[Event "Late-Titled-Tuesday-Blitz-February-13-2024"]
[Site "Chess.com"]
[Date "2024.02.13"]
[Round "11"]
[White "Eloist"]
[Black "KacperKacprzak"]
[Result "0-1"]
[WhiteElo "2472"]
[BlackElo "2731"]
[TimeControl "180+1"]
[EndTime "16:03:08 PST"]
[Termination "KacperKacprzak won on time"]

1. e4 c5 2. Nf3 d6 3. Bb5+ Bd7 4. Bxd7+ Qxd7 5. c4 Nf6 6. Nc3 g6 7. d4 cxd4 8. Nxd4 Bg7 9. f3 O-O 10. Be3 Rc8 11. b3 a6 12. Qd2 Nc6 13. Na4 Qd8 14.
Nxc6 Rxc6 15. Bd4 b5 16. cxb5 axb5 17. Nc3 Qa5 18. Rb1 Nd7 19. Bxg7 Kxg7 20. Nd5 Qxd2+ 21.
Kxd2 Rxa2+ 22. Ke3 Rxg2 23. Nxe7 Rcc2 24. Rhd1 Rge2+ 0-1

[Event "Late-Titled-Tuesday-Blitz-February-13-2024"]
[Site "Chess.com"]
[Date "2024.02.13"]
[Round "11"]
[White "KetiTsatsalashvili"]
[Black "Lion-Al-Messi"]
[Result "0-1"]
[WhiteElo "2448"]
[BlackElo "2567"]
[TimeControl "180+1"]
[EndTime "16:03:11 PST"]
[Termination "Lion-Al-Messi won by resignation"]

1. d4 Nf6 2. Nf3 b6 3. e3 Bb7 4.
Bd3 e6 5. Nbd2 c5 6. b3 cxd4 7. exd4 Be7 8. Bb2 O-O 9. O-O Nc6 10. Qe2 Nb4 11. Ne5 Rc8 12. Rac1 d6 13. Ng4 Nxg4 14. Qxg4 Nxd3 15. cxd3 Bd5 16. Qe2 Qd7 17. Rxc8 Rxc8 18. Rc1 Rxc1+ 19. Bxc1 Qc6 20. Bb2 Bxg2 21. d5 Bxd5 22.
Qg4 f6 23. Ne4 Qc2 24. Bd4 Qb1+ 25. Kg2 Qxd3 26. f3 Qxd4 27. Qh5 g6 0-1

[Event "Late-Titled-Tuesday-Blitz-February-13-2024"]
[Site "Chess.com"]
[Date "2024.02.13"]
[Round "11"]
[White "IMRosen"]
[Black "stollenmonster"]
[Result "0-1"]
[WhiteElo "2629"]
[BlackElo "2850"]
[TimeControl "180+1"]
[EndTime "16:03:18 PST"]
[Termination "stollenmonster won by checkmate"]

1. d4 Nf6 2. Bf4 e6 3. e3 d5 4. Nf3 Ne4 5. Nbd2 Be7 6. Nxe4 dxe4 7. Nd2 f5 8. Bc4 O-O 9. h4 Bd6 10. g3 Qe7 11. Qe2 Nd7 12. O-O-O Nb6 13. Bb3 a5 14. c4 a4 15. Bc2 a3 16. c5 axb2+ 17. Kxb2 Bxf4 18.
gxf4 Nd5 19. Bb3 b6 20. Rc1 Nb4 21. Rc3 Nd3+ 22. Rxd3 Ba6 23. Qh5 Bxd3 24. Rc1 b5 25. Qg5 Rf6 26. h5 h6 27. Qg1 c6 28. f3 Qa7 29. fxe4 fxe4 30. Qg2 Qa3+ 31. Ka1 Qxc1+ 32. Nb1 Qxb1# 0-1

[Event "Late-Titled-Tuesday-Blitz-February-13-2024"]
[Site "Chess.com"]
[Date "2024.02.13"]
[Round "11"]
[White "BozeKat"]
[Black "sansanathalia"]
[Result "0-1"]
[WhiteElo "2064"]
[BlackElo "2384"]
[TimeControl "180+1"]
[EndTime "16:03:18 PST"]
[Termination "sansanathalia won on time"]

1. c4 e6 2. g3 Nf6 3. Bg2 d5 4.
b3 Be7 5. Bb2 O-O 6. Nf3 b6 7. O-O Bb7 8. Ne5 Nbd7 9. d4 c5 10.
dxc5 Nxc5 11. Nd2 Qc7 12. Rc1 Rad8 13. cxd5 Bxd5 14. Bxd5 Rxd5 15. Nec4 Rfd8 16. Qc2 b5 17. e4 R5d7 18. b4 bxc4 19. Nxc4 Nd3 20. Rb1 Nxb4 21. Qc3 Rd3 22. Qe5 Qxc4 23. g4 Qxe4 0-1

[Event "Late-Titled-Tuesday-Blitz-February-13-2024"]
[Site "Chess.com"]
[Date "2024.02.13"]
[Round "11"]
[White "A-Fier"]
[Black "GlavkonVVS"]
[Result "1-0"]
[WhiteElo "2782"]
[BlackElo "2566"]
[TimeControl "180+1"]
[EndTime "16:03:41 PST"]
[Termination "A-Fier won by resignation"]

1. e4 Nf6 2. e5 Nd5 3. d4 d6 4. c4 Nb6 5. f4 dxe5 6. fxe5 c5 7.
d5 g6 8. Nc3 Bg7 9. Bf4 O-O 10.
Be2 e6 11. Nf3 exd5 12. cxd5 Bg4 13. O-O N8d7 14. Ng5 Bxe2 15. Qxe2 Nxe5 16. Qe3 Nbc4 17. Qh3 h6 18. Nge4 g5 19. Bxe5 Nxe5 20. Ng3 g4 21. Qh5 Qg5 22. Qxg5 hxg5 23. Nce4 Nd7 24. Nf5 Bxb2 25. Rab1 Bd4+ 26. Kh1 b6 27. Nxg5 Bf6 28.
Ne4 Rae8 29. Nfd6 Bd4 30. Nxe8 Rxe8 31. Rf4 f5 32. Nd6 Be5 33. Re1 Bxf4 34. Rxe8+ Nf8 35. Nxf5 Kf7 36. Ra8 c4 37. Rxa7+ Kf6 38. Nd4 Ke5 39.
Ne2 Bg5 40. Rf7 Ng6 41. d6 Kxd6 42. Rg7 Nf4 43. Nc3 Ne6 44. Rg8 Ke5 45. Rc8 Kd4 46. Na4 b5 47. Nb6 Bd8 48. Nd7 c3 49. Kg1 Bb6 50. Kf1 b4 51. Nxb6 Kd3 52. Nd5 Nd4 53. Nxb4+ Kd2 54. a4 c2 55. Nxc2 1-0

[Event "Late-Titled-Tuesday-Blitz-February-13-2024"]
[Site "Chess.com"]
[Date "2024.02.13"]
[Round "11"]
[White "kids2010"]
[Black "DenLaz"]
[Result "0-1"]
[WhiteElo "2777"]
[BlackElo "3046"]
[TimeControl "180+1"]
[EndTime "16:03:44 PST"]
[Termination "DenLaz won by resignation"]

1. e4 c5 2. c3 d5 3. exd5 Qxd5 4. d4 Nf6 5. Nf3 e6 6. Na3 a6 7. Nc4 Nbd7 8. Bd3 Be7 9. O-O O-O 10. Bf4 b6 11.
Ne3 Qc6 12. Ne5 Nxe5 13. dxe5 Nd7 14. Qh5 g6 15. Qh3 Bb7 16. Rad1 Rfd8 17. Ng4 h5 18. Ne3 Nf8 19. Be2 Rxd1 20. Rxd1 Rd8 21. Rxd8 Bxd8 22. Bf3 Qd7 23. Nc4 Qd3 24. Nd2 Bd5 25. Be3 Nd7 26. Bxd5 Qxd5 27. c4 Qxe5 28. Qf3 Bf6 29. Qa8+ Kg7 30.
Qe8 Qd6 31. g3 Ne5 32. f4 Ng4 0-1

[Event "Late-Titled-Tuesday-Blitz-February-13-2024"]
[Site "Chess.com"]
[Date "2024.02.13"]
[Round "11"]
[White "ImportedItalianMaple"]
[Black "elgrona"]
[Result "1-0"]
[WhiteElo "2499"]
[BlackElo "2326"]
[TimeControl "180+1"]
[EndTime "16:03:44 PST"]
[Termination "ImportedItalianMaple won on time"]

1. Nf3 Nf6 2. g3 g6 3. Bg2 Bg7 4. O-O O-O 5. d4 c5 6. dxc5 Na6 7. Be3 Ng4 8. Bd4 e5 9. Bc3 Qc7 10. h3 Nh6 11. b4 Rb8 12. Qd6 Qxd6 13. cxd6 e4 14. Bxg7 exf3 15. Bxh6 fxg2 16. Rd1 Nxb4 17. Bxf8 Nxc2 18. Bh6 Nxa1 19. Na3 b5 20. Rxa1 b4 21.
Nc2 a5 22. Kxg2 a4 23. Rb1 Bb7+ 24. f3 b3 25. axb3 1-0

[Event "Late-Titled-Tuesday-Blitz-February-13-2024"]
[Site "Chess.com"]
[Date "2024.02.13"]
[Round "11"]
[White "expii"]
[Black "trriinu"]
[Result "0-1"]
[WhiteElo "2158"]
[BlackElo "2259"]
[TimeControl "180+1"]
[EndTime "16:03:45 PST"]
[Termination "trriinu won by resignation"]

1. e4 d5 2. exd5 Qxd5 3. Nc3 Qd6 4. Be2 Nf6 5. Nf3 Nc6 6. d4 Bg4 7. Be3 O-O-O 8. O-O a6 9. Qd3 Bxf3 10. Bxf3 Nxd4 11. Bxd4 Qxd4 12. Qf5+ e6 13. Qg5 h6 14. Qg3 Bd6 15. Qh3 g5 16. Rad1 Qf4 17. Ne2 Qe5 18.
Ng3 h5 19. Nxh5 Nxh5 20. Bxh5 g4 21. Qg3 0-1

[Event "Late-Titled-Tuesday-Blitz-February-13-2024"]
[Site "Chess.com"]
[Date "2024.02.13"]
[Round "11"]
[White "Supelyel"]
[Black "BeardedNM"]
[Result "1-0"]
[WhiteElo "2417"]
[BlackElo "2161"]
[TimeControl "180+1"]
[EndTime "16:03:49 PST"]
[Termination "Supelyel won by resignation"]

1. c4 e6 2. Nf3 Nf6 3. Nc3 d5 4. cxd5 exd5 5. d4 Be7 6. Qc2 O-O 7. Bf4 c6 8. e3 Nbd7 9. Bd3 Re8 10. g4 Nf8 11. g5 Ne4 12. Nxe4 dxe4 13. Bxe4 Bb4+ 14. Ke2 Ng6 15. Bg3 Bg4 16. h4 f5 17. gxf6 Qxf6 18.
h5 Nf8 19. Rh4 Be6 20. Be5 Qf7 21. Rg1 Bc4+ 22. Kd1 1-0

[Event "Late-Titled-Tuesday-Blitz-February-13-2024"]
[Site "Chess.com"]
[Date "2024.02.13"]
[Round "11"]
[White "Conejoviejo67"]
[Black "Mariia89"]
[Result "1-0"]
[WhiteElo "2432"]
[BlackElo "2256"]
[TimeControl "180+1"]
[EndTime "16:03:55 PST"]
[Termination "Conejoviejo67 won by resignation"]

1. e4 c6 2. Nc3 d5 3. d4 dxe4 4. Nxe4 Nf6 5. Ng3 h5 6. h4 Bg4 7. Be2 c5 8. Be3 cxd4 9. Qxd4 Nc6 10. Qxd8+ Rxd8 11. Nf3 a6 12. c3 e6 13. Ng5 Nd5 14. Bxg4 Nxe3 15. fxe3 hxg4 16. Rf1 Rd7 17. Rd1 Rxd1+ 18.
Kxd1 Rxh4 19. Nxf7 Rh2 20. Rf2 Be7 21. Ne4 g3 22.
Nfd6+ Kd7 23. Rd2 Kc7 24. Ne8+ Kb8 25. Nxg7 Ne5 26. Nxg3 Ng4 27. Nf1 Bf6 28. Nxh2 Nxe3+ 29. Ke2 Bxg7 30. Kxe3 1-0

[Event "Late-Titled-Tuesday-Blitz-February-13-2024"]
[Site "Chess.com"]
[Date "2024.02.13"]
[Round "11"]
[White "egnfanclub"]
[Black "djano"]
[Result "0-1"]
[WhiteElo "2380"]
[BlackElo "2671"]
[TimeControl "180+1"]
[EndTime "16:03:58 PST"]
[Termination "djano won on time"]

1. e4 c5 2. Nc3 Nc6 3. f4 g6 4. Nf3 Bg7 5. Bc4 e6 6. f5 Nge7 7. fxe6 fxe6 8. d3 O-O 9. O-O h6 10. Bb3 g5 11. h4 g4 12. Nh2 h5 13. Be3 Nd4 14. Qd2 Ng6 15. Bg5 Qc7 16. Rxf8+ Nxf8 17. Rf1 Ng6 18. Qf2 d5 19. exd5 g3 20. Qe3 gxh2+ 21. Kh1 Nxb3 22. axb3 e5 23. Ne4 Bg4 24. Nf6+ Kh8 25.
Qe4 Qf7 26. Kxh2 Rf8 27. Nxg4 Qxf1 28. Qxg6 hxg4 0-1

[Event "Late-Titled-Tuesday-Blitz-February-13-2024"]
[Site "Chess.com"]
[Date "2024.02.13"]
[Round "11"]
[White "Jahonas"]
[Black "Canal_Showdrez"]
[Result "1-0"]
[WhiteElo "2388"]
[BlackElo "2091"]
[TimeControl "180+1"]
[EndTime "16:03:58 PST"]
[Termination "Jahonas won by resignation"]

1. d4 Nf6 2. c4 g6 3. Nf3 Bg7 4. Nc3 d6 5. Bg5 O-O 6. e4 h6 7. Bxf6 Bxf6 8. e5 dxe5 9. dxe5 Qxd1+ 10. Rxd1 Bg7 11. Nd5 Bg4 12. Nxc7 Nc6 13. Nxa8 Bxf3 14. gxf3 Bxe5 15. f4 Bxf4 16. Rd7 Rxa8 17. Bg2 Ne5 18. Rd4 g5 19. O-O Rb8 20. Rfd1 Kg7 21. Rd8 Rxd8 22.
Rxd8 Nxc4 23. Bxb7 Nxb2 24. Ra8 Nd3 25. Rxa7 Bd6 26.
Ra8 Bc5 27. a4 Nxf2 28. Kf1 Ng4 29. h3 Ne5 30. a5 f5 31. a6 g4 32. hxg4 fxg4 33. a7 Bxa7 34. Rxa7 g3 35. Kg2 h5 36.
Be4 h4 37. Rxe7+ Kf6 38. Re8 Ng4 39. Kh3 Kg5 40. Rg8+ Kf4 41. Rxg4+ Ke3 42. Kxh4 g2 43. Bxg2 Kf2 1-0

[Event "Late-Titled-Tuesday-Blitz-February-13-2024"]
[Site "Chess.com"]
[Date "2024.02.13"]
[Round "11"]
[White "effefe"]
[Black "LUISMIGUELOV"]
[Result "1-0"]
[WhiteElo "2274"]
[BlackElo "2179"]
[TimeControl "180+1"]
[EndTime "16:04:10 PST"]
[Termination "effefe won by resignation"]

1. d4 d5 2. c4 c6 3. Nc3 Nf6 4.
Nf3 dxc4 5. e4 b5 6. Be2 Bg4 7.
e5 Nd5 8. O-O e6 9. Ne4 Be7 10. a4 Nd7 11. b3 O-O 12. bxc4 bxc4 13. Bxc4 Bf5 14. Ng3 Bg6 15. a5 f6 16. a6 fxe5 17. dxe5 Qc7 18. Re1 Rab8 19. Nd4 Bf7 20. f4 Rb4 21. Bxd5 cxd5 22. Ba3 Rxd4 23. Qxd4 Bxa3 24.
Rxa3 Nb6 25. f5 Nc4 26. Rf3 Qa5 27. Ref1 exf5 28. Rxf5 Qxa6 29. Rxf7 Rxf7 30. Qxd5 Nxe5 31. Qd8+ 1-0

[Event "Late-Titled-Tuesday-Blitz-February-13-2024"]
[Site "Chess.com"]
[Date "2024.02.13"]
[Round "11"]
[White "baki83"]
[Black "DeTimmerman"]
[Result "1-0"]
[WhiteElo "2873"]
[BlackElo "2721"]
[TimeControl "180+1"]
[EndTime "16:04:11 PST"]
[Termination "baki83 won by resignation"]

1. e4 e5 2. Nf3 Nc6 3. Bb5 f5 4. d3 fxe4 5. dxe4 Nf6 6. Qd3 d6 7. O-O Be7 8. c4 O-O 9. Bxc6 bxc6 10. Nc3 c5 11. Bg5 Kh8 12. h3 Be6 13. Rad1 Nd7 14. Bxe7 Qxe7 15. Nd2 Nb6 16. b3 Qg5 17. Kh1 Rf7 18.
Nd5 Nxd5 19. cxd5 Bd7 20. Qe3 Qh4 21. Nf3 Qh5 22. Ng1 Raf8 23. Rc1 Bb5 24. f3 Bxf1 25.
Rxf1 Qh4 26. Rc1 g5 27. Ne2 Rxf3 28. gxf3 Qxh3+ 29. Kg1 Rxf3 30. Qxg5 Rf8 31. Ng3 h6 32.
Qg6 Rg8 33. Qf6+ Rg7 34. Rc3 Qg4 35. Qxh6+ Kg8 36. Qe6+ Qxe6 37. dxe6 Kf8 38. Kf2 Rg6 39. b4 Rxe6 40. bxc5 dxc5 41. Rxc5 Ra6 42. Rc2 Ke8 43. Nf5 Kd7 44. Ne3 Ra4 45. Nc4 Ke6 46. Ke3 Rb4 47. Kd3 Rb1 48. Rh2 Rd1+ 49. Ke3 Re1+ 50. Kf3 Ra1 51. Rh6+ Ke7 52. Ra6 Rf1+ 53. Ke2 1-0

[Event "Late-Titled-Tuesday-Blitz-February-13-2024"]
[Site "Chess.com"]
[Date "2024.02.13"]
[Round "11"]
[White "RantomOpening"]
[Black "Boninknights"]
[Result "1-0"]
[WhiteElo "2521"]
[BlackElo "2373"]
[TimeControl "180+1"]
[EndTime "16:04:11 PST"]
[Termination "RantomOpening won by resignation"]

1. e4 e5 2. Nf3 Qe7 3. c3 g6 4. Bd3 Bg7 5. O-O Nf6 6. Bc2 O-O 7.
d4 d6 8. Re1 Bg4 9. Nbd2 Nc6 10. d5 Nd8 11. Nf1 Nd7 12. Ng3 f5 13. exf5 gxf5 14.
h3 Bxf3 15. Qxf3 f4 16. Nf5 Qg5 17. h4 Qf6 18. Qh5 h6 19. Bxf4 exf4 20. Re7 Rf7 21. Rae1 Ne5 22. Re8+ Rf8 23. Ne7+ Kh8 24. Rxe5 dxe5 25.
Ng6+ Kg8 26. Nxf8 Bxf8 27. Qg4+ Qg7 28. Qf5 Nf7 29. Rxa8 f3 30. g3 1-0

[Event "Late-Titled-Tuesday-Blitz-February-13-2024"]
[Site "Chess.com"]
[Date "2024.02.13"]
[Round "11"]
[White "KaydenTroffChess"]
[Black "Nf3c5"]
[Result "1-0"]
[WhiteElo "2831"]
[BlackElo "2571"]
[TimeControl "180+1"]
[EndTime "16:04:14 PST"]
[Termination "KaydenTroffChess won by resignation"]

1. d4 d5 2. Nf3 e6 3. Bf4 c5 4. e3 Nf6 5. Nc3 a6 6. Ne5 Nc6 7. Be2 cxd4 8. exd4 Bb4 9. O-O O-O 10. Bg5 Be7 11. f4 Qb6 12. Nxc6 Qxc6 13. Kh1 b5 14. Bd3 g6 15. Qe1 Qc7 16. Qh4 Qd8 17.
Rae1 b4 18. Na4 Bb7 19. f5 exf5 20. Rxe7 Qxe7 21. Bxf6 Qd6 22. Nc5 Bc6 23. Rf3 Rfe8 24. Qxh7+ 1-0

[Event "Late-Titled-Tuesday-Blitz-February-13-2024"]
[Site "Chess.com"]
[Date "2024.02.13"]
[Round "11"]
[White "Misterfox120"]
[Black "DanylaBagrov"]
[Result "1-0"]
[WhiteElo "2418"]
[BlackElo "2533"]
[TimeControl "180+1"]
[EndTime "16:04:15 PST"]
[Termination "Misterfox120 won by resignation"]

1. d4 f5 2. Bf4 d6 3. e3 g6 4. h4 Nf6 5. h5 Rg8 6. hxg6 hxg6 7.
Nf3 Bg7 8. Bc4 e6 9. Nbd2 Nc6 10. c3 Ne7 11. Qb3 Ned5 12. Bg5 c6 13. e4 fxe4 14. Nxe4 Qe7 15. O-O-O b5 16. Bd3 Bd7 17. Nh4 O-O-O 18. Nxg6 Qe8 19. Nxd6+ Kc7 20. Nxe8+ Rdxe8 21. Ne5 Rh8 22. a4 a6 23. c4 Nb6 24. axb5 cxb5 25. cxb5 axb5 26. Nxd7 Nfxd7 27. Bxb5 Rxh1 28. Rxh1 Bxd4 29. Rh7 Kd6 30. Bxd7 Nxd7 31. Qa3+ Nc5 32. Be3 e5 33. Bxd4 exd4 34. Rh5 Rc8 35. Qxc5+ Rxc5+ 36. Rxc5 Kxc5 37. Kd2 Kc4 38. g4 1-0

[Event "Late-Titled-Tuesday-Blitz-February-13-2024"]
[Site "Chess.com"]
[Date "2024.02.13"]
[Round "11"]
[White "ninguno46"]
[Black "BardArtem"]
[Result "1/2-1/2"]
[WhiteElo "2525"]
[BlackElo "2757"]
[TimeControl "180+1"]
[EndTime "16:04:19 PST"]
[Termination "Game drawn by repetition"]

1. e4 b6 2. d4 Bb7 3. Nc3 e6 4. a3 Nf6 5. Bd3 d5 6. e5 Nfd7 7. Nf3 c5 8. O-O Nc6 9. Re1 Be7 10. Nb5 g5 11. dxc5 g4 12. Nfd4 Nxd4 13. Nxd4 bxc5 14. Nb5 h5 15. Bf4 c4 16. Bf1 Qb6 17.
Nd6+ Bxd6 18. exd6 Rg8 19. b3 h4 20. bxc4 dxc4 21. Rb1 Qc6 22. Rb4 Nb6 23. Qd4 Rc8 24. Qf6 Nd5 25. Qxh4 Qd7 26. Bg3 Nxb4 27. axb4 Qd8 28.
Qh7 Qg5 29. d7+ Kxd7 30. Qxf7+ Qe7 31. Rd1+ Bd5 32. Rxd5+ exd5 33. Qxd5+ Ke8 34. Qxg8+ Kd7 35. Qd5+ Ke8 36. Qg8+ Kd7 37. Qd5+ Ke8 38. Qg8+ 1/2-1/2

[Event "Late-Titled-Tuesday-Blitz-February-13-2024"]
[Site "Chess.com"]
[Date "2024.02.13"]
[Round "11"]
[White "dennisodessa"]
[Black "Payyappat"]
[Result "1-0"]
[WhiteElo "2590"]
[BlackElo "2565"]
[TimeControl "180+1"]
[EndTime "16:04:24 PST"]
[Termination "dennisodessa won by resignation"]

1. d4 Nf6 2. c4 c5 3. d5 e6 4. Nc3 exd5 5. cxd5 d6 6. e4 g6 7. Bd3 Bg7 8. h3 O-O 9. Nf3 b5 10. Bxb5 Nxe4 11. Nxe4 Qa5+ 12. Nfd2 Qxb5 13. Nxd6 Qa6 14.
N2c4 Nd7 15. O-O Ne5 16. Nxe5 Bxe5 17. Nxc8 Raxc8 18. Qc2 Rfd8 19. Rd1 Bd4 20. Be3 Rxd5 21. Bxd4 cxd4 22. Qd3 Qxd3 23. Rxd3 Rc2 24. b3 Rf5 25. Rf1 Rf4 26. a4 a5 27. f3 Rb2 28. Rfd1 Rf5 29. h4 Rc5 30. R1d2 Rb1+ 31. Kh2 f5 32.
Kg3 h6 33. Rxd4 Rxb3 34. Rd7 f4+ 35. Kxf4 Rb4+ 36. Kg3 Rxa4 37. Ra7 Rf5 38. Rd8+ Rf8 39. Rdd7 Rf6 40. Rg7+ Kh8 41. Rh7+ Kg8 42. Rxh6 Rb4 43.
h5 Rb5 44. Rxg6+ Rxg6+ 45. hxg6 Rg5+ 46. Kf2 Rb5 47. g4 1-0

[Event "Late-Titled-Tuesday-Blitz-February-13-2024"]
[Site "Chess.com"]
[Date "2024.02.13"]
[Round "11"]
[White "NovakRatko"]
[Black "delqate"]
[Result "0-1"]
[WhiteElo "2331"]
[BlackElo "2502"]
[TimeControl "180+1"]
[EndTime "16:04:25 PST"]
[Termination "delqate won on time"]

1. d4 d5 2. c4 c6 3. cxd5 cxd5 4.
Nc3 Nc6 5. f3 e5 6. e4 Nxd4 7.
exd5 Nf6 8. Be3 Bc5 9. Bc4 O-O 10.
Bg5 Bf5 11. Rc1 Qb6 12. Qd2 Qb4 13. Bf1 Nd7 14. a3 Qb3 15. Bd3 Bxd3 16. Qxd3 Qxb2 17. Nge2 Qxa3 18. Ng3 Bb4 19. Bd2 Nc5 20. Qe3 Qxc1+ 21. Bxc1 Nc2+ 0-1

[Event "Late-Titled-Tuesday-Blitz-February-13-2024"]
[Site "Chess.com"]
[Date "2024.02.13"]
[Round "11"]
[White "Cristi_Coca"]
[Black "ural58"]
[Result "0-1"]
[WhiteElo "2380"]
[BlackElo "2511"]
[TimeControl "180+1"]
[EndTime "16:04:26 PST"]
[Termination "ural58 won by resignation"]

1. e4 d5 2. exd5 Qxd5 3. Nc3 Qa5 4. d4 Nf6 5. Nf3 Nc6 6. Bf4 Bg4 7. Be2 O-O-O 8.
Ne5 Bxe2 9. Nxc6 Bxd1 10. Nxa5 Bxc2 11. Nb5 e5 12. Bxe5 Bb4+ 13. Ke2 Bxa5 14. Rac1 Be4 15.
b4 Bb6 16. Nxc7 Bc6 17. b5 Bxc7 18. bxc6 b6 19. f4 Bxe5 20. fxe5 Nd5 21. Kd3 Kc7 22. Ke4 f5+ 23. Kd3 Nb4+ 24. Kc4 Nxc6 25. Kb5 Rd5+ 26. Ka6 0-1

[Event "Late-Titled-Tuesday-Blitz-February-13-2024"]
[Site "Chess.com"]
[Date "2024.02.13"]
[Round "11"]
[White "pinguino120"]
[Black "gahryman"]
[Result "0-1"]
[WhiteElo "2378"]
[BlackElo "2684"]
[TimeControl "180+1"]
[EndTime "16:04:29 PST"]
[Termination "gahryman won by resignation"]

1. d4 Nf6 2. c4 g6 3. Nc3 Bg7 4. e4 d6 5. h3 O-O 6. Be3 e5 7. d5 Na6 8. Nf3 Nc5 9. Nd2 a5 10. Be2 Ne8 11. g4 f5 12. f3 Bh6 13. Bf2 Nf6 14.
gxf5 gxf5 15. Rg1+ Kh8 16. Qc2 fxe4 17. Ndxe4 Nfxe4 18. Nxe4 Nxe4 19. Qxe4 Bf5 20. Qh4 Qxh4 21. Bxh4 b6 22.
Bg5 Bxg5 23. Rxg5 Bg6 24. O-O-O Rf4 25. Rg4 Raf8 26. Rdg1 Kg7 27. Rxf4 Rxf4 28. Rg4 Kf6 29. Rxf4+ exf4 30. Kd2 Kg5 31. Bd3 Kh4 32. Bf1 Kg3 33.
Be2 h5 34. Kc3 h4 35. Kd4 Bf5 36. a4 Kf2 37. Bd1 Kg3 38. b4 axb4 39. a5 bxa5 40. c5 Kxh3 41. cxd6 cxd6 0-1

[Event "Late-Titled-Tuesday-Blitz-February-13-2024"]
[Site "Chess.com"]
[Date "2024.02.13"]
[Round "11"]
[White "abeljusto"]
[Black "Yushko_Olga"]
[Result "0-1"]
[WhiteElo "2085"]
[BlackElo "2223"]
[TimeControl "180+1"]
[EndTime "16:04:30 PST"]
[Termination "Yushko_Olga won on time"]

1. e4 g6 2. d4 Bg7 3. Nc3 d6 4. Be3 Nf6 5. f3 Nbd7 6. Qd2 e5 7. Nge2 c6 8. g4 b5 9. Bh6 O-O 10. h4 b4 11. Nd1 exd4 12. Nxd4 c5 13. Ne2 Ne5 14. Bg2 a5 15. h5 Nc4 16. Qf4 d5 17. Bxg7 Kxg7 18. hxg6 fxg6 19. Qh6+ Kg8 20. b3 Ne5 21.
exd5 Qxd5 22. Ne3 Nxf3+ 23. Kf2 Ne4+ 24. Kf1 Ned2+ 25. Kf2 Qf7 26. Kg3 Ne4+ 27. Kh3 Nf2+ 28. Kg3 Ne4+ 29. Kh3 Neg5+ 30. Kg3 Qc7+ 31. Kf2 Nd4+ 32.
Ke1 Ndf3+ 33. Bxf3 Nxf3+ 34. Kd1 Qd6+ 35. Kc1 Qd2+ 36.
Kb2 Ra7 37. Rad1 Qxe2 0-1

[Event "Late-Titled-Tuesday-Blitz-February-13-2024"]
[Site "Chess.com"]
[Date "2024.02.13"]
[Round "11"]
[White "Lavandum24"]
[Black "tarno17"]
[Result "0-1"]
[WhiteElo "1878"]
[BlackElo "2119"]
[TimeControl "180+1"]
[EndTime "16:04:34 PST"]
[Termination "tarno17 won by checkmate"]

1. e4 c5 2. Nf3 e6 3. d4 cxd4 4. Nxd4 a6 5. c4 Nf6 6. Nc3 Bb4 7. f3 Qc7 8. Be3 Nc6 9. a3 Bd6 10. Ndb5 axb5 11. Nxb5 Bg3+ 12. hxg3 Qxg3+ 13. Bf2 Qe5 14. Nd6+ Ke7 15. Nxc8+ Rhxc8 16. Rb1 Kf8 17. Be2 Kg8 18. O-O d5 19. exd5 exd5 20. c5 Re8 21. Re1 Qg5 22. Qd3 Nh5 23. Be3 Rxe3 24. Qd2 Nf4 25. Bf1 Rxe1 26.
Rxe1 Nh3+ 27. Kh2 Qxd2 28. Re2 Qd1 29. Kxh3 Qxf1 30. Rd2 d4 31. b4 d3 32. b5 Ne5 33.
b6 Nxf3 34. c6 Nxd2 35. cxb7 Rb8 36. a4 Qf4 37. a5 Ne4 38. a6 Qg3# 0-1

[Event "Late-Titled-Tuesday-Blitz-February-13-2024"]
[Site "Chess.com"]
[Date "2024.02.13"]
[Round "11"]
[White "Flawless_Fighter"]
[Black "Binary010"]
[Result "1-0"]
[WhiteElo "2756"]
[BlackElo "2874"]
[TimeControl "180+1"]
[EndTime "16:04:37 PST"]
[Termination "Flawless_Fighter won on time"]

1. e4 e5 2. Nf3 Nf6 3. Nc3 Nc6 4. Bb5 Nd4 5. O-O Nxb5 6. Nxb5 c6 7. Nc3 d6 8. d4 Qc7 9. Bg5 Be7 10.
Qd3 O-O 11. a4 a5 12. Rfd1 h6 13. Bxf6 Bxf6 14. d5 Rd8 15. h3 Be7 16. Qc4 Qb6 17. b3 Bd7 18. Qd3 Rac8 19. Nd2 Qc7 20. Nc4 b5 21.
Ne3 b4 22. dxc6 Qxc6 23. Ncd5 Bf8 24. Rac1 Qb7 25. c4 bxc3 26. Rxc3 Rxc3 27. Qxc3 Rc8 28. Qd3 Be6 29. Nc4 Bxd5 30. exd5 Rc5 31. g3 e4 32.
Qxe4 Qxb3 33. Ne3 Rc3 34. Rb1 Qa2 35. Rb8 Qe2 36. Qe8 Kh7 37. Qxf7 Qd3 38. Qxf8 Rc1+ 39.
Kh2 1-0